 Dungeon Crawl Stone Soup version 0.21.1-1-g345015f (webtiles) character file.

28871 troglodite the Spear-Bearer (level 13, -1/104 HPs)
             Began as a Demonspawn Berserker on June 14, 2018.
             Was a High Priest of Trog.
             Slain by a troll (8 damage)
             ... on level 1 of the Orcish Mines on June 15, 2018.
             The game lasted 00:57:37 (18712 turns).

troglodite the Spear-Bearer (Demonspawn Berserker) Turns: 18712, Time: 00:57:38

Health: -1/104     AC: 28    Str: 18    XL:     13   Next: 12%
Magic:  0/7        EV: 12    Int: 10    God:    Trog [*****.]
Gold:   1262       SH:  0    Dex: 16    Spells: 12/12 levels left

rFire    + . .     SeeInvis .   E - +3 demon trident (antimagic)
rCold    + . .     Gourm    .   (no shield)
rNeg     . . .     Faith    .   Q - +8 chain mail of Zoiph {rPois}
rPois    +         Spirit   +   q - +2 helmet
rElec    .         Reflect  .   S - scarf {rC+ rF+}
rCorr    .         Harm     .   (no gloves)
MR       +....                  A - +2 pair of boots
Stlth    ++++......             a - amulet of regeneration
HPRegen  0.67/turn              D - ring of protection from magic
MPRegen  0.10/turn              J - ring of magical power

@: drained
A: claws 2, thin metallic scales 1, nightstalker 3, magic shield
a: Berserk, Trog's Hand, Brothers in Arms, Burn Spellbooks, Renounce Religion


You were on level 1 of the Orcish Mines.
You worshipped Trog.
Trog was extremely pleased with you.
You were hungry.

You visited 2 branches of the dungeon, and saw 14 of its levels.

You collected 1556 gold pieces.
You spent 294 gold pieces at shops.

Inventory:

Hand Weapons
 g - a +2 spear of venom
 y - a +1 halberd of flaming
 E - a +3 antimagic demon trident (weapon)
 P - a +0 demon blade of venom
 R - a +3 halberd of protection
Armour
 q - a +2 helmet (worn)
 A - a +2 pair of boots (worn)
 F - a +2 hat
 Q - the +8 chain mail of Zoiph (worn) {rPois}
   (You bought it in a shop on level 2 of the Orcish Mines)

   It protects you from poison.
 S - a scarf of resistance (worn)
Jewellery
 a - an amulet of regeneration (around neck)
 D - a ring of protection from magic (left claw)
 J - a ring of magical power (right claw)
 K - an uncursed ring of ice
Wands
 d - a wand of flame (26)
 i - a wand of iceblast (17)
 t - a wand of paralysis (14)
 z - a wand of polymorph (16)
 C - a wand of digging (14)
 M - a wand of enslavement (19)
 T - a wand of disintegration (18)
Scrolls
 b - 2 scrolls of blinking
 e - 4 scrolls of enchant armour
 f - 9 scrolls of remove curse
 j - 11 scrolls of teleportation
 k - 3 scrolls of immolation
 o - 3 scrolls of magic mapping
 s - 3 scrolls of fear
 G - a scroll of silence {unknown}
 I - a scroll of vulnerability {unknown}
 L - a scroll of holy word {unknown}
 N - 2 scrolls of fog {unknown}
Potions
 h - a potion of magic
 l - 2 potions of resistance
 m - 3 potions of heal wounds
 n - 5 potions of curing
 p - a potion of invisibility
 r - a potion of ambrosia
 u - 3 potions of lignification
 v - 3 potions of flight
 B - a potion of haste
 H - 2 potions of brilliance
 O - a potion of might
Comestibles
 c - 14 rations
 w - 3 chunks of flesh


   Skills:
 * Level 10.6(10.5) Fighting
 + Level 2.9 Long Blades
 + Level 11.2(11.1) Polearms
 * Level 10.0(9.9) Armour
 * Level 7.9(7.8) Dodging
 * Level 8.6 Stealth


You had 12 spell levels left.
You didn't know any spells.

Dungeon Overview and Level Annotations

Branches:
Dungeon (12/15)            Temple (0/1) D:6            Lair (0/6) D:10
    Orc (2/2) D:12            Elf (0/3) Orc:2

Altars:
Dithmenos
Gozag
Hepliaklqana
Kikubaaqudgha
Makhleb
Nemelex Xobeh
Ru
Xom
Yredelemnul
Zin
The Shining One

Shops:
D:4 *[*   D:6 =   D:12 %([:   Orc:2 [([

Portals:
Trove: D:11 (give 11 potions of heal wounds)


Innate Abilities, Weirdness & Mutations

You have very sharp fingernails.
You are partially covered in thin metallic scales. (AC +2)
You are completely attuned to the shadows.
When hurt, damage is shared between your health and your magic reserves.


Message History

The orc hits you but does no damage.
The orc warrior hits you from afar with a trident.
The orc warrior hits you with a long sword!
The orc warrior hits you with a war axe!
The troll bites you! The troll claws you. The troll closely misses you.
The orc knight roars a battlecry!
The orc priest goes into a battle-frenzy!
The orc warrior barely misses you.
You climb upwards.
There is a stone staircase leading down, spattered with blood here.
Your ogre goes berserk!
You are feeling hungry.
The orc hits you but does no damage.
The orc warrior hits you with a war axe!
* * * LOW HITPOINT WARNING * * *
The orc warrior hits you with a long sword!!
* * * LOW HITPOINT WARNING * * *
The orc warrior hits you but does no damage.
The troll barely misses you. The troll claws you!
You die...

#)[))[[[[.....#
##<).[[[).....##
#####[........#
##.##.......##
##...........#
##............##
#..............#
##......oo....##
##.#..T@o.....#
##...o.o.....#
#####..O.......#
##.##...>......##
#...#...........#
##.#.#..........#
#...............#
##.#...........##
###..........##


You could see an orc knight, a troll, 3 orc warriors, an orc and a friendly ogre
(berserk).

Vanquished Creatures
  An orc warlord (D:12)
  A hydra (D:12)
  A centaur warrior (D:8)
  The ghost of Statics the Martial Artist, a journeyman DsMo of Wu Jian (D:12)
  5 two-headed ogres
  3 skeletal warriors (D:12)
  An orc knight (D:12)
  5 orc sorcerers
  A cyclops (D:12)
  4 gargoyles
  A komodo dragon (D:11)
  A queen bee (D:11)
  3 trolls
  5 hippogriffs
  11 yaks
  A steam dragon (D:11)
  6 wargs
  3 porcupines (D:10)
  A hornet zombie (D:7)
  29 orc warriors
  4 black bears
  4 ice beasts
  2 sky beasts
  7 ogres
  2 necrophages
  An eye of draining (D:8)
  A phantom (D:12)
  3 crocodiles
  9 centaurs
  A big kobold (D:8)
  8 bullfrogs
  A gnoll sergeant (D:9)
  2 wyvern skeletons
  A scorpion (D:9)
  20 killer bees
  5 howler monkeys
  6 electric eels (D:6)
  2 crimson imps
  2 centaur zombies
  2 quasits
  4 bullfrog zombies
  5 hounds
  7 jellies
  16 orc priests
  21 orc wizards
  A bullfrog skeleton (D:6)
  A centaur skeleton (D:6)
  7 iguanas
  12 worker ants
  A hound zombie (D:7)
  A hound skeleton (D:7)
  A worker ant zombie (D:5)
  5 adders
  18 gnolls
  A howler monkey skeleton (D:6)
  3 shadow imps
  2 oozes
  6 adder skeletons
  2 worms (D:2)
  2 dart slugs
  10 leopard geckos
  91 orcs
  7 bats
  5 giant cockroaches
  13 goblins
  15 hobgoblins
  18 jackals
  18 kobolds
  2 quokkas
  A ball python (D:2)
  6 frilled lizards
  5 rats
474 creatures vanquished.

Vanquished Creatures (collateral kills)
  An orc high priest (Orc:2)
  3 orc knights
  2 orc sorcerers
  2 orc warriors (Orc:2)
  An ogre (Orc:1)
  2 orc wizards
  An orc (Orc:2)
12 creatures vanquished.

Vanquished Creatures (others)
  3 orcs
  4 plants
7 creatures vanquished.

Grand Total: 493 creatures vanquished

Notes
Turn   | Place    | Note
-------+----------+-------------------------------------------
     0 | D:1      | troglodite the Demonspawn Berserker began the quest for the Orb.
     0 | D:1      | Reached XP level 1. HP: 18/18 MP: 1/1
   142 | D:1      | Gained mutation: You are slightly more attuned to the shadows. [demonic ancestry]
   142 | D:1      | Reached XP level 2. HP: 23/24 MP: 2/2
   479 | D:1      | Reached ** piety under Trog
   482 | D:1      | Reached XP level 3. HP: 26/30 MP: 3/3
   649 | D:1      | Reached skill level 1 in Stealth
  1095 | D:2      | Found a glowing golden altar of the Shining One.
  1312 | D:2      | Found an ancient bone altar of Kikubaaqudgha.
  1521 | D:2      | Gained mutation: You have sharp fingernails. [demonic ancestry]
  1521 | D:2      | Reached XP level 4. HP: 37/37 MP: 4/4
  1541 | D:2      | Reached skill level 1 in Polearms
  1741 | D:2      | Reached *** piety under Trog
  2161 | D:3      | Gained mutation: When hurt, damage is shared between your health and your magic reserves. [demonic ancestry]
  2161 | D:3      | Reached XP level 5. HP: 42/42 MP: 5/5
  2695 | D:3      | Found a sparkling altar of Nemelex Xobeh.
  3140 | D:4      | Reached **** piety under Trog
  3145 | D:4      | Reached XP level 6. HP: 48/48 MP: 6/6
  3156 | D:4      | Reached skill level 2 in Polearms
  3583 | D:4      | Found Leplanoe's General Store.
  3660 | D:4      | Found a basalt altar of Yredelemnul.
  3778 | D:4      | Found Hairchio's Assorted Antiques.
  3880 | D:4      | Found a shimmering altar of Xom.
  3936 | D:4      | Reached XP level 7. HP: 55/55 MP: 7/7
  3996 | D:4      | Reached skill level 3 in Polearms
  4068 | D:4      | Found Rutocosa's Armour Boutique.
  4307 | D:5      | Entered Level 5 of the Dungeon
  4610 | D:5      | Reached skill level 4 in Polearms
  4683 | D:5      | Reached skill level 5 in Fighting
  4803 | D:5      | Reached ***** piety under Trog
  4803 | D:5      | Gained mutation: You are partially covered in thin metallic scales. (AC +2) [demonic ancestry]
  4803 | D:5      | Reached XP level 8. HP: 50/62 MP: 6/8
  5515 | D:6      | Reached skill level 5 in Polearms
  5692 | D:6      | Found Kusaej's Jewellery Emporium.
  5707 | D:6      | Reached skill level 5 in Armour
  5802 | D:6      | Found a sparkling altar of Nemelex Xobeh.
  6188 | D:6      | Noticed a hippogriff
  6198 | D:6      | Killed a hippogriff
  6198 | D:6      | Gained mutation: You are significantly more attuned to the shadows. [demonic ancestry]
  6198 | D:6      | Reached XP level 9. HP: 60/69 MP: 6/9
  7228 | D:6      | Found a staircase to the Ecumenical Temple.
  7449 | D:7      | Reached skill level 6 in Polearms
  7764 | D:7      | Received a gift from Trog
  7940 | D:7      | Reached skill level 5 in Stealth
  8122 | D:7      | Found a hazy altar of Hepliaklqana.
  8128 | D:7      | Found a glowing silver altar of Zin.
  8129 | D:7      | Found a burning altar of Makhleb.
  8461 | D:8      | Received a gift from Trog
  8713 | D:8      | Noticed a centaur warrior
  8717 | D:8      | Noticed a gargoyle
  8724 | D:8      | Killed a gargoyle
  8730 | D:8      | Killed a centaur warrior
  8730 | D:8      | Reached skill level 7 in Polearms
  8730 | D:8      | Reached skill level 5 in Dodging
  8730 | D:8      | Reached XP level 10. HP: 77/79 MP: 0/10
  8845 | D:8      | Noticed a two-headed ogre
  8852 | D:8      | Killed a two-headed ogre
  9620 | D:9      | Found a sacrificial altar of Ru.
  9671 | D:9      | Reached skill level 8 in Polearms
  9838 | D:9      | Found an opulent altar of Gozag.
 10349 | D:9      | Found a shadowy altar of Dithmenos.
 10786 | D:9      | Received a gift from Trog
 11224 | D:10     | Entered Level 10 of the Dungeon
 11239 | D:10     | Noticed a two-headed ogre
 11247 | D:10     | Killed a two-headed ogre
 11247 | D:10     | Reached XP level 11. HP: 85/86 MP: 11/11
 11319 | D:10     | Noticed a two-headed ogre
 11329 | D:10     | Killed a two-headed ogre
 11515 | D:10     | Reached skill level 9 in Polearms
 12100 | D:10     | You fall through a shaft!
 12641 | D:11     | Found a portal to a secret trove of treasure.
 12807 | D:10     | Found a staircase to the Lair.
 12967 | D:10     | Noticed a two-headed ogre
 12979 | D:10     | Killed a two-headed ogre
 14072 | D:11     | Received a gift from Trog
 14396 | D:12     | Noticed a skeletal warrior
 14398 | D:12     | Noticed a skeletal warrior
 14398 | D:12     | Noticed a skeletal warrior
 14422 | D:12     | Killed a skeletal warrior
 14422 | D:12     | Reached skill level 10 in Polearms
 14422 | D:12     | Gained mutation: You have very sharp fingernails. [demonic ancestry]
 14422 | D:12     | Reached XP level 12. HP: 93/95 MP: 4/12
 14519 | D:12     | Found Vosaav's Armour Boutique.
 15024 | D:12     | Found Qine's Food Shop.
 15026 | D:12     | Found Josm's Antique Weapon Emporium.
 15027 | D:12     | Noticed a four-headed hydra
 15028 | D:12     | Noticed Statics's ghost (journeyman DsMo)
 15041 | D:12     | Killed Statics's ghost
 15467 | D:12     | Found a staircase to the Orcish Mines.
 15629 | D:12     | Found Senipratui's Book Boutique.
 15715 | D:12     | Killed a four-headed hydra
 15841 | Orc:1    | Entered Level 1 of the Orcish Mines
 15844 | Orc:1    | Noticed a two-headed ogre
 16041 | D:12     | Killed a two-headed ogre
 16186 | Orc:1    | Noticed an orc warlord
 16345 | Orc:1    | Reached skill level 10 in Fighting
 16650 | D:12     | Reached ****** piety under Trog
 16869 | D:12     | Killed an orc warlord
 17621 | Orc:2    | Entered Level 2 of the Orcish Mines
 17654 | Orc:2    | Reached skill level 11 in Polearms
 17908 | Orc:2    | Received a gift from Trog
 17954 | Orc:2    | Found Suw Ciucy's Antique Armour Boutique.
 17960 | Orc:2    | Bought a fine chain mail for 294 gold pieces
 17970 | Orc:2    | Identified the +8 chain mail of Zoiph {rPois} (You bought it in a shop on level 2 of the Orcish Mines)
 18004 | Orc:2    | Noticed an orc high priest
 18013 | Orc:2    | Killed an orc high priest
 18013 | Orc:2    | Gained mutation: You are completely attuned to the shadows. [demonic ancestry]
 18013 | Orc:2    | Reached XP level 13. HP: 104/104 MP: 6/13
 18056 | Orc:2    | Found a staircase to the Elven Halls.
 18266 | Orc:2    | Found Robumoto's Antique Weapon Shoppe.
 18394 | Orc:2    | Found Dounkerr's Antique Armour Shop.
 18483 | Orc:2    | Reached skill level 10 in Armour
 18712 | Orc:1    | Slain by a troll

Skill      XL: |  1  2  3  4  5  6  7  8  9 10 11 12 13 |
---------------+----------------------------------------+-----
Stealth        | 1 2 3 4 5 6 7 8 |  8.6
Armour         | 2 3 4 5 6 7 8 9 10 | 10.0
Dodging        | 2 3 4 5 6 7 |  7.9
Polearms       | 1 2 4 5 7 8 10 11 | 11.2
Fighting       | 4 5 7 8 9 10 | 10.6
Long Blades    | |  2.9

Action                   |  1- 3 |  4- 6 |  7- 9 | 10-12 | 13-15 || total
-------------------------+-------+-------+-------+-------+-------++-------
Melee: Falchion          |    10 |       |       |       |       ||    10
       Spear             |    94 |   139 |       |       |       ||   233
       Halberd           |       |    78 |   385 |   633 |       ||  1096
       Lajatang          |       |       |       |     9 |       ||     9
       Demon trident     |       |       |       |   511 |    95 ||   606
Invok: Berserk           |     1 |     4 |     3 |    17 |     1 ||    26
       Burn Spellbooks   |       |       |       |     3 |       ||     3
       Brothers in Arms  |       |       |       |     3 |     2 ||     5
  Use: Scroll            |       |     8 |     9 |     9 |       ||    26
       Potion            |       |       |       |     1 |     1 ||     2
 Stab: Sleeping          |    10 |     8 |       |    18 |       ||    36
       Distracted        |       |       |       |     1 |       ||     1
  Eat: Chunk             |     3 |    11 |    15 |    31 |     4 ||    64
       Ration            |       |       |     1 |     5 |       ||     6
Armor: Animal skin       |    10 |       |       |       |       ||    10
       Ring mail         |     4 |    35 |       |       |       ||    39
       Chain mail        |       |    50 |   290 |   649 |   107 ||  1096
Dodge: Dodged            |    54 |   103 |   189 |   680 |   106 ||  1132
       Rpst.: Falchion   |     3 |       |       |       |       ||     3
